 Dungeon Crawl Stone Soup version 0.22-a0-406-g9ff8d77 (webtiles) character file.

44018 dstrtnsr the Pandemonic (level 13, -39/121 HPs)
             Began as a Deep Dwarf Fighter on May 8, 2018.
             Was a High Priest of Makhleb.
             Annihilated by an enormous slime creature (69 damage)
             ... on level 12 of the Dungeon.
             The game lasted 00:18:52 (11554 turns).

dstrtnsr the Pandemonic (Deep Dwarf Fighter)       Turns: 11554, Time: 00:18:53

Health: -39/121    AC: 18    Str: 23    XL:     13   Next: 94%
Magic:  8/8        EV:  9    Int: 11    God:    Makhleb [*****.]
Gold:   935        SH: 15    Dex: 12    Spells: 12/12 levels left

rFire    . . .     SeeInvis .   a - +1 war axe (flame)
rCold    . . .     Gourm    .   c - +0 shield
rNeg     . . .     Faith    .   b - +0 scale mail
rPois    .         Spirit   .   s - +0 helmet
rElec    .         Reflect  +   f - +2 cloak
rCorr    +         Harm     .   H - +2 pair of gloves
MR       +....                  r - +0 pair of boots
Stlth    ..........             R - +3 amulet of reflection
HPRegen  0.00/turn              l - ring of flight
MPRegen  0.11/turn              L - ring of resist corrosion

@: very slightly contaminated, non-regenerating
A: damage resistance, heal wounds, sense surroundings 2, no regeneration
a: Heal Wounds, Minor Destruction, Lesser Servant of Makhleb, Major Destruction,
Greater Servant of Makhleb, Renounce Religion, Evoke Flight


You were on level 12 of the Dungeon.
You worshipped Makhleb.
Makhleb was extremely pleased with you.
You were hungry.

You visited 2 branches of the dungeon, and saw 18 of its levels.

You collected 1001 gold pieces.
You spent 66 gold pieces at shops.

Inventory:

Hand Weapons
 a - a +1 war axe of flaming (weapon)
 w - a +2 war axe of freezing
Missiles
 A - a throwing net (quivered)
Armour
 b - a +0 scale mail (worn)
 c - a +0 shield (worn)
 f - a +2 cloak (worn)
 r - a +0 pair of boots (worn)
 s - a +0 helmet (worn)
 H - a +2 pair of gloves (worn)
Jewellery
 j - an uncursed amulet of the gourmand {unknown}
 l - a ring of flight (left hand)
 L - a ring of resist corrosion (right hand)
 R - a +3 amulet of reflection (around neck)
Wands
 y - a wand of scattershot (6)
 E - a wand of enslavement (23)
 P - a wand of paralysis (18)
Scrolls
 i - 2 scrolls of enchant weapon
 k - 8 scrolls of remove curse {@r2}
 m - 6 scrolls of teleportation {!d}
 q - 5 scrolls of magic mapping
 t - a scroll of enchant armour
 v - a scroll of brand weapon
 F - a scroll of vulnerability {unknown}
 I - a scroll of holy word {unknown}
 Q - a scroll of fog {unknown}
Potions
 d - a potion of lignification {unknown}
 g - 3 potions of haste
 h - 4 potions of curing {@qq}
 n - 4 potions of flight
 o - 2 potions of heal wounds
 p - 2 potions of invisibility
 x - a potion of resistance
 z - 5 potions of ambrosia
 B - 2 potions of brilliance
 D - 2 potions of agility
 J - a potion of berserk rage
 M - a potion of might
Comestibles
 e - 40 rations {!d}


   Skills:
 + Level 9.2 Fighting
 * Level 14.1 Axes
 + Level 10.8 Armour
 + Level 10.8 Shields
 * Level 15.9 Invocations


You had 12 spell levels left.
You didn't know any spells.

Dungeon Overview and Level Annotations

Branches:
Dungeon (12/15)            Temple (0/1) D:4            Lair (6/6) D:8
  Swamp (0/4) Lair:3        Snake (0/4) Lair:3        Slime (0/5) Lair:6
    Orc (0/2) D:12

Altars:
Ashenzari
Cheibriados
Dithmenos
Elyvilon
Fedhas
Gozag
Makhleb
Nemelex Xobeh
Okawaru
Qazlal
Ru
Trog
Xom
Jiyva

Shops:
D:4 !*(**   D:7 *

Portals:
Sewer: D:3

Annotations:
D:12 exclusion: oklob plant
Lair:4 exclusion: oklob plant
Lair:6 dstrtnsr's ghost, journeyman DDFi


Innate Abilities, Weirdness & Mutations

You are resistant to damage.
You can heal yourself by infusing magical energy.
You passively map the area around you.
You do not regenerate.


Message History

The slime creature is heavily wounded.
You slash the very large slime creature!
You burn the very large slime creature.
Two slime creatures merge to form an enormous slime creature.
You block the slime creature's attack.
You slice the slime creature!! You burn the slime creature!
The slime creature is almost dead.
You hit the enormous slime creature. You burn the enormous slime creature.
You block the enormous slime creature's attack.
You block the slime creature's attack.
You hit the slime creature but do no damage.
The slime creature is almost dead.
You hit the enormous slime creature. You burn the enormous slime creature.
You block the enormous slime creature's attack.
You slice the slime creature!! You burn the slime creature.
You kill the slime creature!
Makhleb accepts your kill.
You hit the enormous slime creature. You burn the enormous slime creature.
The enormous slime creature hits you!!!
* * * LOW HITPOINT WARNING * * *
You are too injured to fight recklessly!
You are too injured to fight recklessly!
You are too injured to fight recklessly!
You are too injured to fight recklessly!
You are too injured to fight recklessly!
You are too injured to fight recklessly!
You are too injured to fight recklessly!
You are too injured to fight recklessly!
You are too injured to fight recklessly!
You are too injured to fight recklessly!
You are too injured to fight recklessly!
You are too injured to fight recklessly!
You are too injured to fight recklessly!
You are too injured to fight recklessly!
You are too injured to fight recklessly!
You are too injured to fight recklessly!
You are too injured to fight recklessly!
You are too injured to fight recklessly!
You are too injured to fight recklessly!
You are too injured to fight recklessly!
Unknown command.
Unknown command.
Unknown command.
Unknown command.
Unknown command.
Unknown command.
Unknown command.
There is a stone staircase leading up here.
Things that are here:
a giant club; a robe; a dagger Blink to where?
Press: ? - help, Dir - move target cursor You are very lightly contaminated with residual magic.
As you read the scroll of blinking, it crumbles to dust.
Evoke which item? (* to show all) (? for menu, Esc to quit)
Aiming: Paralyse
Press: ? - help, Shift-Dir - straight line, f - enormous slime creature
Aim: an enormous slime creature (translocational energy, lightly wounded, chance to defeat MR: 28%)
The enormous slime creature easily resists.
Evoke which item? (* to show all) (? for menu, Esc to quit)
Aiming: Paralyse
Press: ? - help, Shift-Dir - straight line, f/p - enormous slime creature
Aim: an enormous slime creature (lightly wounded, chance to defeat MR: 28%)
The enormous slime creature easily resists.
Evoke which item? (* to show all) (? for menu, Esc to quit)
Aiming: Paralyse
Press: ? - help, Shift-Dir - straight line, f/p - enormous slime creature
Aim: an enormous slime creature (lightly wounded, chance to defeat MR: 28%)
The enormous slime creature suddenly stops moving!
You are too injured to fight recklessly!
You are too injured to fight recklessly!
The helpless enormous slime creature fails to defend itself.
You slash the enormous slime creature! You burn the enormous slime creature.
The enormous slime creature is lightly wounded.
The helpless enormous slime creature fails to defend itself.
You hit the enormous slime creature. You burn the enormous slime creature.
The enormous slime creature is lightly wounded.
The helpless enormous slime creature fails to defend itself.
You slash the enormous slime creature! You burn the enormous slime creature.
The enormous slime creature is lightly wounded.
The helpless enormous slime creature fails to defend itself.
You slash the enormous slime creature! You burn the enormous slime creature.
The enormous slime creature is moderately wounded.
The helpless enormous slime creature fails to defend itself.
You slash the enormous slime creature! You burn the enormous slime creature.
The enormous slime creature is moderately wounded.
The helpless enormous slime creature fails to defend itself.
You carve the enormous slime creature like a ham!!!
You burn the enormous slime creature!
The enormous slime creature is heavily wounded.
The helpless enormous slime creature fails to defend itself.
You slash the enormous slime creature! You burn the enormous slime creature.
The enormous slime creature is severely wounded.
The helpless enormous slime creature fails to defend itself.
You hit the enormous slime creature. You burn the enormous slime creature.
The enormous slime creature is severely wounded.
The enormous slime creature is no longer paralysed.
The enormous slime creature hits you!!!
Ouch! That really hurt!
You die...

##........# #..............
##.......# ##..#...........
###.......# #...#...........
#.........## ##..###..........
...........## #...# #..........
..........<.# ##..## #..........
............####...#####.........
........####).........##.........
........# #...J@.....###........
.......## #...........##........
.).....# #.............#..>....
......## #...........##........
......# #...........####......
.....## #.....>.....# #......
.....# #..........## ##..##.
....## #...)......# #..### ...##
#..........# #..##


You could see an enormous slime creature.

Vanquished Creatures
  3 hydras
  Erica (D:9)
  3 two-headed ogres
  12 elephants
  A cyclops (D:12)
  5 black mambas
  11 spiny frogs
  A centaur skeleton (D:11)
  A rime drake (Lair:6)
  3 komodo dragons
  A polar bear (Lair:5)
  A hornet (D:12)
  2 tyrant leeches (Lair:6)
  A dream sheep (Lair:5)
  A slime creature (D:12)
  Prince Ribbit (D:8)
  12 blink frogs
  7 hippogriffs
  Sigmund (D:5)
  A wyvern (Lair:4)
  26 yaks
  6 vampire mosquitoes (Lair:6)
  A basilisk (Lair:2)
  A warg (D:12)
  3 nagas (Lair:3)
  12 water moccasins
  8 porcupines
  2 orc warriors
  11 ice beasts
  A sky beast (D:10)
  A phantom (D:12)
  2 black bears
  24 wolves
  5 ogres
  2 centaurs (D:7)
  9 crocodiles
  2 big kobolds
  A gnoll sergeant (D:9)
  19 bullfrogs
  4 scorpions
  4 killer bees (D:11)
  A howler monkey (D:9)
  5 crimson imps
  4 hounds
  3 centaur zombies
  4 orc wizards
  3 orc priests
  Crazy Yiuf (D:4)
  5 jellies
  Ijyb (D:5)
  6 iguanas
  4 hell rats (Lair:5)
  3 worker ants
  A hound zombie (D:7)
  2 hound skeletons
  6 gnolls
  3 adders
  3 shadow imps
  4 oozes (D:12)
  An adder skeleton (D:7)
  4 worms
  A dart slug (D:4)
  4 leopard geckos
  15 orcs
  4 bats
  3 giant cockroaches (D:2)
  6 goblins
  10 hobgoblins
  6 jackals
  21 kobolds
  3 quokkas
  2 ball pythons (D:2)
  4 frilled lizards
  8 rats
  6 fungi
370 creatures vanquished.

Vanquished Creatures (collateral kills)
  Rupert (Lair:6)
  3 hydras
  Urug (Lair:2)
  A fire crab (Lair:6)
  A swamp dragon (Lair:3)
  A cyclops (D:11)
  2 black mambas (Lair:6)
  7 elephants (Lair:6)
  6 spiny frogs
  2 komodo dragons (Lair:2)
  2 tyrant leeches (Lair:6)
  6 blink frogs (Lair:6)
  A basilisk (Lair:2)
  2 wyverns
  10 yaks
  A water moccasin (Lair:6)
  A sky beast (D:11)
  A centaur (D:9)
  A bullfrog (Lair:6)
  An electric eel (Lair:6)
  An iguana (Lair:3)
  A gnoll (D:9)
  2 orcs (D:9)
  A fungus (Lair:6)
  A plant (Lair:6)
57 creatures vanquished.

Vanquished Creatures (others)
  30 fungi
  42 plants
72 creatures vanquished.

Grand Total: 499 creatures vanquished

Notes
Turn   | Place    | Note
-------+----------+-------------------------------------------
     0 | D:1      | dstrtnsr the Deep Dwarf Fighter began the quest for the Orb.
     0 | D:1      | Reached XP level 1. HP: 20/20 MP: 1/1
   304 | D:2      | Reached XP level 2. HP: 27/27 MP: 2/2
   311 | D:2      | Found a burning altar of Makhleb.
   311 | D:2      | Noticed a blizzard demon
   338 | D:2      | Found a blossoming altar of Fedhas.
   371 | D:2      | Reached XP level 3. HP: 19/33 MP: 3/3
   695 | D:2      | Noticed a neqoxec
   695 | D:2      | Noticed a neqoxec
   697 | D:2      | Became a worshipper of Makhleb the Destroyer
   720 | D:3      | Reached XP level 4. HP: 37/42 MP: 4/4
   790 | D:3      | Found a shattered altar of Ashenzari.
   794 | D:3      | Found a white marble altar of Elyvilon.
   795 | D:3      | Found a sacrificial altar of Ru.
   853 | D:3      | HP: 13/42 [poisoned by a scorpion]
   863 | D:3      | HP: 13/42 [poisoned by a scorpion]
   866 | D:3      | Reached skill level 1 in Invocations
   866 | D:3      | Reached XP level 5. HP: 41/49 MP: 3/5
   953 | D:3      | Found a shadowy altar of Dithmenos.
   992 | D:3      | Found a glowing drain.
   996 | D:3      | HP: 17/49 [orc/flail (4)]
  1032 | D:4      | Found Pypesoirr's Distillery.
  1045 | D:4      | Reached skill level 2 in Invocations
  1051 | D:4      | Bought a potion of heal wounds for 55 gold pieces
  1051 | D:4      | Bought a potion of degeneration for 11 gold pieces
  1133 | D:4      | Found Titaes's Assorted Antiques.
  1193 | D:4      | Reached XP level 6. HP: 34/56 MP: 6/6
  1216 | D:4      | Reached skill level 3 in Invocations
  1351 | D:4      | Found a runed door.
  1380 | D:4      | Found Jytuwn's Weapon Emporium.
  1384 | D:4      | Reached * piety under Makhleb
  1385 | D:4      | Found Buozoxt's General Store.
  1402 | D:4      | HP: 21/56 [shadow imp (3)]
  1406 | D:4      | Found Doqer's General Store.
  1474 | D:4      | Found a staircase to the Ecumenical Temple.
  1681 | D:4      | Noticed Crazy Yiuf
  1686 | D:4      | HP: 18/56 [Crazy Yiuf/quarterstaff of chaos (11)]
  1688 | D:4      | Killed Crazy Yiuf
  1730 | D:5      | Entered Level 5 of the Dungeon
  1857 | D:5      | Noticed Sigmund
  1872 | D:5      | Killed Sigmund
  1872 | D:5      | Reached skill level 5 in Axes
  1872 | D:5      | Reached skill level 4 in Invocations
  1872 | D:5      | Reached XP level 7. HP: 55/63 MP: 5/7
  1992 | D:5      | Noticed Ijyb
  1997 | D:5      | Killed Ijyb
  2198 | D:6      | Noticed a moth of wrath
  2201 | D:6      | Found a bloodstained altar of Trog.
  2220 | D:7      | Found Gozag's Platinum Reserve.
  2221 | D:7      | Found an opulent altar of Gozag.
  2248 | D:7      | Reached skill level 5 in Shields
  2248 | D:7      | Reached skill level 5 in Invocations
  2256 | D:7      | Noticed a hippogriff
  2265 | D:7      | HP: 21/64 [orc wizard/puff of flame (11)]
  2279 | D:7      | HP: 18/64 [orc priest/divine providence (10)]
  2286 | D:7      | Killed a hippogriff
  2286 | D:7      | Reached skill level 5 in Armour
  2286 | D:7      | Reached XP level 8. HP: 48/72 MP: 7/9
  2312 | D:7      | Found a shimmering altar of Xom.
  2405 | D:7      | Reached skill level 6 in Invocations
  2429 | D:7      | Reached ** piety under Makhleb
  2445 | D:7      | Found a sparkling altar of Nemelex Xobeh.
  2538 | D:7      | Found an iron altar of Okawaru.
  2613 | D:7      | HP: 28/73 [ogre/giant club (3)]
  2614 | D:7      | HP: 13/73 [ogre/giant club (15)]
  2897 | D:8      | Found a sparkling altar of Nemelex Xobeh.
  2898 | D:8      | Noticed Prince Ribbit
  2908 | D:8      | Killed Prince Ribbit
  2908 | D:8      | Reached skill level 7 in Invocations
  2950 | D:8      | HP: 29/73 [ice beast (7)]
  2975 | D:8      | Found a burning altar of Makhleb.
  2990 | D:8      | Found a stormy altar of Qazlal.
  2995 | D:8      | Reached skill level 5 in Fighting
  2995 | D:8      | Gained mutation: You passively map the area around you. [Deep Dwarf growth]
  2995 | D:8      | Reached XP level 9. HP: 51/81 MP: 10/10
  3128 | D:8      | Found a staircase to the Lair.
  3162 | D:8      | Reached skill level 8 in Invocations
  3551 | D:9      | Noticed a two-headed ogre
  3552 | D:9      | Noticed a two-headed ogre
  3558 | D:9      | HP: 32/81 [two-headed ogre/giant club (8)]
  3563 | D:9      | Killed a two-headed ogre
  3563 | D:9      | Reached skill level 9 in Invocations
  3564 | D:9      | HP: 30/81 [two-headed ogre/giant spiked club (16)]
  3565 | D:9      | HP: 12/81 [two-headed ogre/giant spiked club (7)]
  3572 | D:9      | HP: 14/81 [two-headed ogre/giant spiked club (21)]
  3572 | D:9      | HP: 4/81 [two-headed ogre/giant spiked club (10)]
  3577 | D:9      | Killed a two-headed ogre
  3577 | D:9      | Reached XP level 10. HP: 91/91 MP: 10/12
  3593 | D:9      | Reached *** piety under Makhleb
  3815 | D:9      | Noticed Erica
  3830 | D:9      | HP: 33/91 [something/bolt of poison (19)]
  3843 | D:9      | HP: 23/91 [something (14)]
  3850 | D:9      | Killed Erica
  3853 | D:9      | Reached skill level 10 in Invocations
  3907 | D:9      | Found a snail-covered altar of Cheibriados.
  3961 | D:9      | HP: 34/91 [gnoll/halberd (4)]
  4305 | D:10     | Entered Level 10 of the Dungeon
  5053 | D:11     | Noticed a cyclops
  5053 | D:11     | HP: 15/91 [cyclops/large rock (25)]
  5062 | D:11     | Noticed an eight-headed hydra
  5073 | D:11     | HP: 21/91 [cyclops (23)]
  5076 | D:11     | Killed a cyclops
  5078 | D:11     | Killed an eight-headed hydra
  5111 | D:11     | Found a shadowy altar of Dithmenos.
  5223 | D:11     | Found a labyrinth entrance.
  5277 | D:11     | Reached skill level 10 in Axes
  5278 | D:11     | HP: 29/92 [ogre/giant spiked club (14)]
  5296 | D:11     | Reached skill level 11 in Invocations
  5298 | D:11     | HP: 36/92 [poisoned by a killer bee]
  5879 | Lair:1   | Entered Level 1 of the Lair of Beasts
  5959 | Lair:1   | Noticed a black mamba
  5971 | Lair:1   | Killed a black mamba
  6049 | Lair:1   | HP: 31/92 [yak (12)]
  6053 | Lair:1   | Reached XP level 11. HP: 65/99 MP: 11/11
  6118 | Lair:1   | Found a frozen archway.
  6247 | Lair:2   | Reached **** piety under Makhleb
  6277 | Lair:2   | HP: 37/99 [spiny frog (8)]
  6282 | Lair:2   | HP: 36/99 [poisoned by a spiny frog]
  6287 | Lair:2   | HP: 24/99 [poisoned by a spiny frog]
  6389 | Lair:2   | HP: 35/99 [porcupine's spines (10)]
  6484 | Lair:2   | Noticed Urug
  6489 | Lair:2   | HP: 38/99 [Urug/eveningstar of crushing (10)]
  6495 | Lair:2   | Reached skill level 12 in Invocations
  6497 | Lair:2   | HP: 32/99 [Urug/javelin (6)]
  6498 | Lair:2   | HP: 13/99 [Urug/javelin (19)]
  6504 | Lair:2   | Killed Urug
  7110 | Lair:3   | Found a staircase to the Snake Pit.
  7192 | Lair:3   | Noticed a swamp dragon
  7196 | Lair:3   | HP: 30/100 [spiny frog (16)]
  7209 | Lair:3   | Killed a swamp dragon
  7244 | Lair:3   | Found a staircase to the Swamp.
  7485 | Lair:3   | HP: 31/100 [crocodile (14)]
  7894 | Lair:4   | Reached XP level 12. HP: 82/109 MP: 9/9
  8004 | Lair:4   | Reached skill level 13 in Invocations
  8008 | Lair:4   | Noticed a five-headed hydra
  8023 | Lair:4   | Killed a one-headed hydra
  8746 | Lair:5   | Noticed a four-headed hydra
  8754 | Lair:5   | Killed a one-headed hydra
  8967 | Lair:5   | Reached ***** piety under Makhleb
  9551 | Lair:6   | Entered Level 6 of the Lair of Beasts
  9562 | Lair:6   | Noticed a five-headed hydra
  9565 | Lair:6   | Reached skill level 14 in Invocations
  9567 | Lair:6   | HP: 43/110 [spiny frog (4)]
  9587 | Lair:6   | Killed a one-headed hydra
  9698 | Lair:6   | Reached XP level 13. HP: 79/118 MP: 10/10
  9699 | Lair:6   | HP: 47/118 [komodo dragon (16)]
  9700 | Lair:6   | Reached skill level 10 in Shields
  9711 | Lair:6   | Reached skill level 10 in Armour
  9756 | Lair:6   | HP: 44/118 [vampire mosquito (6)]
  9779 | Lair:6   | HP: 41/118 [spiny frog (8)]
  9784 | Lair:6   | HP: 38/118 [spiny frog (11)]
  9789 | Lair:6   | HP: 27/118 [tyrant leech (5)]
  9794 | Lair:6   | HP: 34/118 [crocodile (11)]
  9803 | Lair:6   | HP: 46/118 [elephant (11)]
  9826 | Lair:6   | Noticed dstrtnsr's ghost (journeyman DDFi)
  9830 | Lair:6   | HP: 47/118 [poisoned by a black mamba]
  9835 | Lair:6   | HP: 32/118 [poisoned by a black mamba]
  9859 | Lair:5   | HP: 17/118 [blink frog (6)]
  9864 | Lair:5   | HP: 42/118 [poisoned by a spiny frog]
  9869 | Lair:5   | HP: 25/118 [poisoned by a spiny frog]
  9931 | Lair:6   | Reached skill level 15 in Invocations
 10027 | Lair:6   | Found a viscous altar of Jiyva.
 10032 | Lair:6   | Found a staircase to the Slime Pits.
 10168 | Lair:6   | Noticed Rupert
 10185 | Lair:6   | HP: 46/120 [Rupert/great sword of slicing (4)]
 10196 | Lair:6   | Killed Rupert
 10293 | Lair:6   | HP: 39/121 [electric eel/bolt of electricity (7)]
 10301 | Lair:6   | HP: 46/121 [tyrant leech (18)]
 10382 | Lair:6   | HP: 47/121 [fire crab] (9)]
 10800 | D:12     | HP: 39/121 [hornet (12)]
 10806 | D:12     | Paralysed by a hornet for 3 turns
 10824 | D:12     | Found a staircase to the Orcish Mines.
 10853 | D:12     | HP: 14/121 [enormous slime creature (55)]
 10953 | D:12     | HP: 43/121 [centaur warrior zombie (1)]
 10962 | D:12     | HP: 42/121 [cyclops/large rock (20)]
 11527 | D:12     | HP: 30/121 [enormous slime creature (60)]
 11554 | D:12     | Annihilated by an enormous slime creature

Vault maps used:
D:1:      minmay_arrival_split_and_join
D:2:      fedhas_altar_3, minmay_misc_feat_cross, makhleb_altar_promises_db
D:3:      lemuel_doored_altar, grunt_temple_overflow_open, portal_sewer_entry_c,
          first_ration
D:4:      cheibrodos_thug_alley, minmay_temple_entry_mist, serial_shops, shop,
          shop, shop, shop, shop, uniq_crazy_yiuf_cottage, uniq_blork_the_orc
D:5:      uniq_sigmund, uniq_ijyb
D:6:      tgw_trog, kennysheep_mini_moat, serial_bayou_lake_a, uniq_pikel
D:7:      okawaru_altar_gauntlet_db, lemuel_round_altar, kennysheep_little_box,
          grunt_ogre_cave, nicolae_gozag_zags_fifth_avenue
D:8:      kennysheep_spiral_hall, lemuel_crystal_altar, kennysheep_mini,
          grunt_lair_entry_orc_guard_hut, basic_altar, uniq_prince_ribbit1
D:9:      cheibriados_altar_1, kennysheep_windowed_goal, uniq_erica
D:11:     basic_altar, lab_entry_generic, corexii_corridor_pit,
          kennysheep_generic_room_15
D:12:     lemuel_slime, david_orc_3
Lair:1:   portal_ice_cave_entry_ice_beasts, serial_bayou_shore_a
Lair:2:   beast_lair_carwin_11, infiniplex_staircase_pool, uniq_urug
Lair:3:   minmay_swamp_entry_reptiles, guppyfry_snake_entry_island,
          lemuel_fruit_tree
Lair:4:   minivault_11, dpeg_oklob_1, grunt_megastairs_5, lemuel_fruit_fields,
          lemuel_fruit_fields
Lair:5:   grunt_forest_large_clearings, infiniplex_staircase_pool_2
Lair:6:   minmay_lair_end_frog_pond, slime_altar_1, uniq_rupert

Skill      XL: |  1  2  3  4  5  6  7  8  9 10 11 12 13 |
---------------+----------------------------------------+-----
Axes           | 3 4 5 6 7 8 10 11 12 14 | 14.1
Fighting       | 3 4 5 6 7 8 9 |  9.2
Armour         | 4 5 6 7 9 10 | 10.8
Shields        | 4 5 6 7 9 10 | 10.8
Invocations    | 1 2 4 5 7 9 11 12 14 15 | 15.9

Action                   |  1- 3 |  4- 6 |  7- 9 | 10-12 | 13-15 || total
-------------------------+-------+-------+-------+-------+-------++-------
Melee: War axe           |    88 |   174 |   246 |   684 |   349 ||  1541
Invok: Lesser Servant of |       |       |       |    17 |     6 ||    23
       Greater Servant o |       |       |       |       |     2 ||     2
 Abil: Heal Wounds       |     2 |     8 |    17 |    26 |    19 ||    72
Evoke: Wand              |       |       |     6 |     4 |     5 ||    15
  Use: Scroll            |       |     1 |    10 |     8 |     7 ||    26
       Potion            |       |       |       |     5 |     1 ||     6
 Stab: Paralysed         |       |       |     4 |       |     8 ||    12
       Distracted        |       |       |       |     3 |     1 ||     4
  Eat: Chunk             |       |     3 |     7 |    17 |     2 ||    29
       Ration            |       |       |       |     1 |     1 ||     2
Armor: Scale mail        |    35 |    61 |   187 |   442 |   194 ||   919
Dodge: Dodged            |    24 |    48 |   104 |   264 |   122 ||   562
Block: Shield            |    50 |   114 |   192 |   486 |   261 ||  1103
       Reflection        |       |       |       |       |     1 ||     1

Table legend:
 A = Spawn XP
 B = Non-spawn XP
 C = Spawn XP percentage of total XP
 D = Spawn monster count
 E = Non-spawn monster count
 F = Spawn count percentage of total count
 G = Total turns spent on level
                    A         B        C        D         E        F      G
               +---------+---------+-------+---------+---------+-------+---------
         Total |       0 |   62883 |   0.0 |       0 |     419 |   0.0 | 11554
               +---------+---------+-------+---------+---------+-------+---------
           D:1 |       0 |       3 |   0.0 |       0 |       2 |   0.0 |   119
           D:2 |       0 |      89 |   0.0 |       0 |      24 |   0.0 |   590
           D:3 |       0 |     138 |   0.0 |       0 |      23 |   0.0 |   323
           D:4 |       0 |     322 |   0.0 |       0 |      23 |   0.0 |   698
           D:5 |       0 |     475 |   0.0 |       0 |      10 |   0.0 |   453
           D:6 |       0 |      15 |   0.0 |       0 |       3 |   0.0 |    37
           D:7 |       0 |    1003 |   0.0 |       0 |      19 |   0.0 |   571
           D:8 |       0 |    1772 |   0.0 |       0 |      21 |   0.0 |   781
           D:9 |       0 |    3147 |   0.0 |       0 |      19 |   0.0 |   855
          D:10 |       0 |     492 |   0.0 |       0 |       9 |   0.0 |   617
          D:11 |       0 |    2895 |   0.0 |       0 |      25 |   0.0 |  1041
          D:12 |       0 |    3320 |   0.0 |       0 |      25 |   0.0 |   794
        Lair:1 |       0 |    2478 |   0.0 |       0 |      15 |   0.0 |   381
        Lair:2 |       0 |    4405 |   0.0 |       0 |      26 |   0.0 |   805
        Lair:3 |       0 |    4140 |   0.0 |       0 |      26 |   0.0 |   878
        Lair:4 |       0 |    2268 |   0.0 |       0 |       9 |   0.0 |   814
        Lair:5 |       0 |    8191 |   0.0 |       0 |      37 |   0.0 |   942
        Lair:6 |       0 |   27730 |   0.0 |       0 |     103 |   0.0 |   855
               +---------+---------+-------+---------+---------+-------+---------
